 Dungeon Crawl Stone Soup version 0.18-a0-1347-gb9e2fb4 (webtiles) character file.

315 Arkorax the Skirmisher (level 6, -5/57 HPs)
             Began as a Minotaur Fighter on Feb 17, 2016.
             Slain by an ogre
             ... wielding a +0 giant spiked club
              (14 damage)
             ... on level 4 of the Dungeon.
             The game lasted 00:03:18 (3111 turns).

Arkorax the Skirmisher (Minotaur Fighter)           Turns: 3111, Time: 00:03:18

Health: -5/57      AC:  6    Str: 22    XL:     6   Next: 19%
Magic:  5/5        EV:  7    Int:  5    God:
Gold:   155        SH: 10    Dex: 10    Spells: 0 memorised, 5 levels left

rFire  . . .     SeeInvis .     a - +0 long sword
rCold  . . .     Gourm    .     b - +0 scale mail
rNeg   . . .     Faith    .     c - +0 shield
rPois  .         Spirit   .     r - +0 hat
rElec  .         Dismiss  .     (no cloak)
rCorr  .         Reflect  .     (no gloves)
SustAt .         Harm     .     (no boots)
MR     .....                    (no amulet)
Stlth  ..........               (no ring)
                                (no ring)

@: not resistant to hostile enchantments, extremely unstealthy
A: retaliatory headbutt, horns 2
a: no special abilities


You were on level 4 of the Dungeon.
You were not hungry.

You visited 1 branch of the dungeon, and saw 4 of its levels.

You collected 155 gold pieces.

Inventory:

Hand Weapons
 a - a +0 long sword (weapon)
Missiles
 o - 7 javelins (quivered)
Armour
 b - a +0 scale mail (worn)
 c - a +0 shield (worn)
 r - a +0 hat (worn)
Jewellery
 i - an uncursed ring of fire {unknown}
Scrolls
 e - 2 scrolls of magic mapping {unknown}
 h - a scroll of recharging {unknown}
 j - 3 scrolls of fear {unknown}
 k - 2 scrolls of teleportation {unknown}
 l - 2 scrolls of blinking {unknown}
 n - 2 scrolls of random uselessness {unknown}
 p - 2 scrolls of remove curse {unknown}
 s - a scroll of enchant weapon {unknown}
Potions
 d - a potion of degeneration {unknown}
 g - a potion of curing
 m - a potion of flight {unknown}
Comestibles
 f - 5 bread rations
 q - 3 meat rations


   Skills:
 * Level 6.2 Fighting
 * Level 5.1 Long Blades
 - Level 3.6 Armour
 + Level 4.8 Shields


You had 5 spell levels left.
You didn't know any spells.

Dungeon Overview and Level Annotations

Branches:
Dungeon (4/15)
 Temple: D:4-7

Altars:

Shops:
D:4 :


Innate Abilities, Weirdness & Mutations

You reflexively headbutt those who attack you in melee.
You have a pair of horns on your head.


Message History

There is a large open door here.
No target in view!
No target in view!
No target in view!
There is a large open door here.
The ogre hits you with a giant spiked club!!
You barely miss the ogre. Your headbutt misses the ogre.
The ogre hits you with a giant spiked club!!
* * * LOW HITPOINT WARNING * * *
You are too injured to fight recklessly!
You are too injured to fight recklessly!
You are too injured to fight recklessly!
There is a large open door, spattered with blood here.
Throwing (i - inventory):
o - 8 javelins (quivered)
Press: ? - help, Shift-Dir - straight line, f - ogre
Aim: an ogre, wielding a giant spiked club You throw a javelin.
The javelin hits the ogre!
The ogre is heavily wounded.
The ogre hits you with a giant spiked club!
You die...

#####...# #....###..###
#.....#.# #....##.....#
#.###...# #....##.###..
#.# #.#####............
#.###...)..........#...
#.##.....##...###.....#
#.####('#####.......###
###≈≈≈O.≈≈≈##.#####.#
#≈≈..@...≈≈###.....#
#≈≈.†......≈≈##.###.#
#≈≈..........≈≈### #.#
#≈≈............≈≈ #.#
≈≈....≈≈≈≈≈≈....≈ #.#
≈...[≈######≈.... #.#
≈....≈ ≈.... ###.###
≈....≈ ... #.[....
#######


You could see an ogre.

Vanquished Creatures
  A centaur (D:4)
  The ghost of Oddball22 the Slasher, an amateur HESk (D:3)
  A hound (D:4)
  A hound skeleton (D:4)
  Robin (D:2)
  3 adders
  An ooze (D:2)
  3 worms
  2 giant geckos
  6 orcs
  3 giant cockroaches
  11 goblins
  5 hobgoblins
  3 jackals (D:3)
  4 kobolds
  2 quokkas
  2 ball pythons
  6 bats
  A giant gecko zombie (D:4)
  A giant newt (D:1)
  A jackal skeleton (D:4)
  9 rats
68 creatures vanquished.

Notes
Turn   | Place    | Note
--------------------------------------------------------------
     0 | D:1      | Arkorax the Minotaur Fighter began the quest for the Orb.
     0 | D:1      | Reached XP level 1. HP: 19/19 MP: 0/0
   407 | D:1      | Reached skill level 4 in Fighting
   731 | D:1      | Reached XP level 2. HP: 27/27 MP: 1/1
  1300 | D:2      | Reached XP level 3. HP: 24/33 MP: 2/2
  1756 | D:2      | Noticed Robin
  1765 | D:2      | Killed Robin
  1765 | D:2      | Reached XP level 4. HP: 33/41 MP: 3/3
  2122 | D:3      | Reached skill level 5 in Fighting
  2209 | D:3      | Noticed Oddball22's ghost (amateur HESk)
  2231 | D:3      | Killed Oddball22's ghost
  2231 | D:3      | Reached XP level 5. HP: 22/48 MP: 4/4
  2703 | D:4      | Noticed a centaur
  2707 | D:4      | Killed a centaur
  2707 | D:4      | Reached skill level 6 in Fighting
  2707 | D:4      | Reached skill level 5 in Long Blades
  2707 | D:4      | Reached XP level 6. HP: 53/57 MP: 5/5
  2904 | D:4      | Found Nar Rish's Book Shoppe.
  3111 | D:4      | Slain by an ogre

Vault maps used:
D:1:      minmay_arrival_shattered_statue, serial_forest,
          infiniplex_forest_straight_4, infiniplex_forest_straight_5,
          infiniplex_forest_straight_1, infiniplex_forest_corner_1,
          infiniplex_forest_split, infiniplex_forest_clump_large,
          infiniplex_forest_end_2, infiniplex_forest_lined_3,
          grunt_decor_fettered, minivault_11
D:2:      kennysheep_big_flooded_room, uniq_robin
D:3:      small_statue_intersection, minmay_strange_pillars
D:4:      lemuel_upstairs_altar, serial_shops, nicolae_shop_behind_doors,
          kennysheep_big_empty_room, nrook_loot_triangle

Action                   |  1- 3 |  4- 6 || total
-------------------------+-------+-------++-------
Melee: Long sword        |    81 |    82 ||   163
Throw: Javelin           |       |     1 ||     1
  Use: Potion            |     4 |     1 ||     5
  Eat: Chunk             |     1 |     1 ||     2
       Bread ration      |     1 |     1 ||     2
